 Dungeon Crawl Stone Soup version 0.28.0-45-g0d030f2227 (webtiles) character file.

Game seed: 12688863891706420328

14 Ablot the Grasshopper (level 2, -1/26 HPs)
             Began as a Gnoll Warper on Apr 7, 2022.
             Succumbed to a gnoll's poison
             ... on level 1 of the Dungeon.
             The game lasted 00:00:56 (996 turns).

Ablot the Grasshopper (Gnoll Warper)                 Turns: 996, Time: 00:00:57

Health: -1/26      AC:  3    Str: 10    XL:     2   Next: 45%
Magic:  7/7        EV: 12    Int: 12    God:
Gold:   56         SH:  5    Dex: 11    Spells: 8/10 levels left

rFire   . . .      SeeInvis .   a - +0 spear
rCold   . . .      Faith    .   (no shield)
rNeg    . . .      Spirit   .   b - +0 leather armour
rPois   .          Reflect  +   (no helmet)
rElec   .          Harm     .   (no cloak)
rCorr   .          Rampage  .   (no gloves)
Will    .....                   (no boots)
Stlth   +.........              g - amulet of reflection
HPRegen 0.08/turn               (no ring)
MPRegen 0.10/turn               (no ring)

@: lethally poisoned (-1 -> -16)
A: fangs 1, strong nose, distributed training
a: no special abilities


You were on level 1 of the Dungeon.
You visited 1 branch of the dungeon, and saw 2 of its levels.

You collected 56 gold pieces.

Inventory:

Hand Weapons
 a - a +0 spear (weapon)
Missiles
 d - 5 boomerangs of dispersal
 f - 14 arrows
 j - 40 stones (quivered)
Armour
 b - a +0 leather armour (worn)
Jewellery
 g - an amulet of reflection (around neck)
Scrolls
 c - a scroll of blinking
 e - a scroll of noise {unknown}
 i - a scroll of identify {unknown}
Potions
 h - a potion of flight {unknown}
 k - a potion of attraction {unknown}


   Skills:
 + Level 4.5 Fighting
 + Level 0.4 Short Blades
 + Level 0.4 Long Blades
 + Level 0.4 Axes
 + Level 0.4 Maces & Flails
 + Level 4.5 Polearms
 + Level 0.4 Staves
 + Level 0.4 Slings
 + Level 0.4 Bows
 + Level 0.4 Crossbows
 + Level 2.5 Throwing
 + Level 2.5 Armour
 + Level 4.5 Dodging
 + Level 0.4 Stealth
 + Level 0.4 Shields
 + Level 0.4 Unarmed Combat
 + Level 4.9 Spellcasting
 + Level 0.2 Conjurations
 + Level 0.2 Hexes
 + Level 0.2 Summonings
 + Level 0.2 Necromancy
 + Level 5.3 Translocations
 + Level 0.2 Transmutations
 + Level 0.2 Fire Magic
 + Level 0.2 Ice Magic
 + Level 0.2 Air Magic
 + Level 0.2 Earth Magic
 + Level 0.2 Poison Magic
 + Level 0.5 Invocations
 + Level 0.4 Evocations


You had 8 spell levels left.
You knew the following spells:

 Your Spells              Type           Power      Damage    Failure   Level
a - Blink                 Tloc           30%        N/A       4%          2

Your spell library contained the following spells:

 Spells                   Type           Power      Damage    Failure   Level
 Gell's Gravitas          Tloc           15%        N/A       9%          3
 Lesser Beckoning         Tloc           15%        N/A       9%          3
 Teleport Other           Tloc           15%        N/A       9%          3
 Manifold Assault         Tloc           15%        N/A       63%         5


Dungeon Overview and Level Annotations

Branches:
Dungeon (2/15)

Altars:


Innate Abilities, Weirdness & Mutations

You have very sharp teeth.
Your uncanny sense of smell can sniff out nearby items.
Your experience applies equally to all skills.


Message History

Aim: a gnoll, wielding a +0 whip of venom (63% to hit)
You throw a stone.
The stone hits the gnoll but does no damage.
Unknown command.
Throw: 41 stones
Press: ? - help, Q - select action, (/) - cycle Shift-Dir - straight line, f/p - gnoll
Aim: a gnoll, wielding a +0 whip of venom (63% to hit)
You throw a stone.
The stone hits the gnoll but does no damage.
Unknown command.
The gnoll hits you with a +0 whip of venom.
You are poisoned.
You climb upwards.
You feel very sick.
There is a stone staircase leading down here.
You hit the gnoll.
The gnoll is lightly wounded.
You feel sick. The gnoll barely misses you.
You hit the gnoll.
The gnoll is moderately wounded.
You feel sick. You block the gnoll's attack.
You hit the gnoll but do no damage.
The gnoll is moderately wounded.
You feel sick.
The gnoll hits you with a +0 whip of venom.
You are lethally poisoned!
You barely miss the gnoll. Your punch misses the gnoll.
The gnoll is moderately wounded.
You feel sick.
The gnoll hits you with a +0 whip of venom.
You are more poisoned.
You hit the gnoll but do no damage.
The gnoll is moderately wounded.
* * * LOW HITPOINT WARNING * * *
You feel very sick.
The gnoll hits you with a +0 whip of venom.
* * * LOW HITPOINT WARNING * * *
You barely miss the gnoll.
The gnoll is moderately wounded.
You die...

#.##.......#.......#
#.##................
#.##........#####.##
####.##........#####.#
#....#########.##....#
#.#### #.##.##.# #.#
#.......# ##.######
####.##### #......@#
#...... #.....g.#
#.##### #..###..#
######.#####
#....#..#####......##...
#.##..........####.##.##
#.####..####### #.##.##
#........#########......
#.....................#.
#######...##..##..##....


You could see a gnoll.

Vanquished Creatures
  A ball python (D:1)
  A giant cockroach (D:1)
  A hobgoblin (D:1)
  3 kobolds (D:1)
  A quokka (D:2)
  2 bats
  A frilled lizard (D:1)
  2 goblins (D:1)
  A rat (D:1)
13 creatures vanquished.

Notes
Turn   | Place    | Note
-------+----------+-------------------------------------------
     0 | D:1      | Ablot the Gnoll Warper began the quest for the Orb.
     0 | D:1      | Reached XP level 1. HP: 20/20 MP: 6/6
   261 | D:1      | Reached XP level 2. HP: 26/26 MP: 7/7
   264 | D:1      | Learned a level 2 spell: Blink
   996 | D:1      | Succumbed to a gnoll's poison

Illustrated notes

Levels and vault maps discovered:
D:1:      minmay_arrival_diagonal_passages, layout_loops_cross,
          hangedman_feature_mirror, minmay_misc_feat_tiny,
          palyth_stone_intersect
D:2:      layout_basic, ebering_ecumenical_altar_hall

Action                   || total
-------------------------++-------
Melee: Spear             ||    66
       Bite              ||     4
Throw: Stone             ||     2
Armor: Leather armour    ||    10
Dodge: Dodged            ||    33
Block: Other             ||     4
